 Dungeon Crawl Stone Soup version 0.31-a0-152-g6aa68a64a1 (webtiles) character file.

Game seed: 16228367661983491202

182 qw the Shooter (level 5, -2/49 HPs)
             Began as a Naga Hunter on June 9, 2023.
             Slain by an orc
             ... wielding a +0 mace
              (3 damage)
             ... on level 6 of the Dungeon.
             The game lasted 00:00:36 (1705 turns).

qw the Shooter (Naga Hunter)                        Turns: 1705, Time: 00:00:36

Health: -2/49      AC:  4    Str: 13 (14) XL:     5   Next: 61%
Magic:  5/5        EV:  8    Int:  7 (9)  God:
Gold:   55         SH:  0    Dex: 16      Spells: 4/4 levels left

rFire   . . .        Y - +0 shortbow
rCold   + . .        (shield currently unavailable)
rNeg    . . .        b - +0 ring mail {rC+}
rPois   +            (no helmet)
rElec   .            (no cloak)
rCorr   .            (no gloves)
SInv    +            (no barding)
Will    .....        (no amulet)
Stlth   +            (no ring)
HPRegen 0.28/turn    (no ring)
MPRegen 0.09/turn

%: no passive effects
@: about to teleport, short of breath, very slow
A: AC +1, large, see invisible, deformed body, poison resistance, slowness 2,
spit poison 1, naga tail 1
a: Spit Poison


You were on level 6 of the Dungeon.
You visited 1 branch of the dungeon, and saw 4 of its levels.

You collected 125 gold pieces.
You spent 70 gold pieces at shops.


Innate Abilities, Weirdness & Mutations

Your serpentine skin is tough. (AC +1)
You have supernaturally acute eyesight. (SInv)
Armour fits poorly on your strangely shaped body.
Your system is resistant to poisons. (rPois)
You cover ground very slowly.
You can spit poison.
You have a snake-like lower body.


   Skills:
 - Level 3.3 Fighting
 + Level 5.5 Ranged Weapons
 - Level 1.5 Dodging
 - Level 1.5 Stealth


You had 4 spell levels left.
You didn't know any spells.
Your spell library was empty.

Inventory:

Hand Weapons
 Y - a +0 shortbow (weapon)
Armour
 b - a +0 ring mail of cold resistance (worn)
 c - a +0 leather armour
Scrolls
 g - a scroll of identify
Potions
 a - a potion of enlightenment {unknown}
 d - a potion of curing
 f - a potion of invisibility {unknown}
 h - a potion of cancellation {unknown}
 i - a potion of ambrosia {unknown}

Dungeon Overview and Level Annotations

Branches:
Dungeon (3/15)

Altars:

Shops:
D:2 ?


Message History

The phantom barely misses you.
You shoot an arrow. The arrow closely misses the phantom.
The phantom hits you but does no damage.
You shoot an arrow.
The arrow completely misses the phantom.
The phantom barely misses you. The hound barely misses you.
You shoot an arrow. The arrow hits the phantom.
The phantom is moderately damaged.
The phantom hits you. The hound bites you but does no damage.
A shadow imp comes into view.
The hound bites you.
The phantom hits you but does no damage.
You shoot an arrow.
The shadow imp shouts, "Begone, thou bumbling wibble-sucking serf!"
The arrow hits the phantom.
The phantom is heavily damaged.
You have got your breath back.
You hear a bark!
The hound bites you but does no damage.
The gnoll sergeant hits you but does no damage.
The phantom hits you but does no damage.
The hound bites you.
1704 ||| READING scroll of teleportation.
As you read the scroll of teleportation, it crumbles to dust.
You feel strangely unstable. The hound closely misses you.
A hound comes into view.
The gnoll sergeant hits you from afar with a +0 spear.
The orc warrior barely misses you. The phantom barely misses you.
1705 ||| INVOKING Spit Poison.
Aiming: Spit Poison (1% risk of failure)
Press: ? - help, Shift-Dir - straight line, f - orc warrior, p - phantom The splash of poison misses the orc warrior.
The hound bites you.
The gnoll sergeant hits you from afar with a +0 spear.
The phantom closely misses you.
An orc comes into view. It is wielding a +0 hand axe.
The orc warrior hits you with a +0 hand axe.
The orc hits you with a +0 mace.
You die...

..........## ..........
. .........###.#
##...........######
#.........#..o....#
#..........(.o@...#
#...........ohW...#
##.........#.g.Y...#
#..........o.......#
##....#...o###5.......
#.....#.o#.# #.#......#
#.......¤..#.#h.......#
......¤#.........#....#
#....¤...##.##.


You could see an orc warrior, an ice beast, a phantom, a gnoll sergeant, 2
hounds, a shadow imp and 4 orcs.

Vanquished Creatures
  A hound (D:6)
  An orc priest (D:3)
  Jessica (D:2)
  Terence (D:2)
  An orc wizard (D:3)
  An adder (D:2)
  A dart slug (D:2)
  2 orcs (D:3)
  3 ball pythons
  3 bats
  2 endoplasms
  4 goblins
  3 hobgoblins
  3 kobolds
  A quokka (D:2)
  6 frilled lizards
  5 rats
39 creatures vanquished.

Notes
Turn   | Place    | Note
-------+----------+-------------------------------------------
     0 | D:1      | qw the Naga Hunter began the quest for the Orb.
     0 | D:1      | Reached XP level 1. HP: 19/19 MP: 1/1
     0 | D:1      | 0 ||| qw: Version: 0.2-a-122-gbc61b45
     0 | D:1      | 0 ||| qw: Game counter: 3350
     0 | D:1      | 0 ||| qw: Always use a shield: true
     0 | D:1      | 0 ||| qw: God list: Okawaru
     0 | D:1      | 0 ||| qw: Allow faded altars: false
     0 | D:1      | 0 ||| qw: Do Orc after D:15 true
     0 | D:1      | 0 ||| qw: Do second Lair branch before Depths: true
     0 | D:1      | 0 ||| qw: Lair rune preference: random
     0 | D:1      | 0 ||| qw: Plans: Normal
     0 | D:1      | 0 ||| PLANNING D:1-11
    99 | D:1      | 99 ||| INVOKING Spit Poison.
   114 | D:1      | 114 ||| INVOKING Spit Poison.
   273 | D:1      | 273 ||| INVOKING Spit Poison.
   282 | D:1      | 282 ||| INVOKING Spit Poison.
   287 | D:1      | 287 ||| INVOKING Spit Poison.
   288 | D:1      | Reached skill level 4 in Ranged Weapons
   288 | D:1      | Reached XP level 2. HP: 26/26 MP: 2/2
   320 | D:1      | 320 ||| INVOKING Spit Poison.
   381 | D:1      | 381 ||| INVOKING Spit Poison.
   499 | D:1      | 499 ||| READING scroll labelled DOSORU ITOITI.
   547 | D:1      | 547 ||| READING scroll labelled GIALIM REDD.
   548 | D:1      | 548 ||| DROPPING scroll of butterflies.
   586 | D:2      | 586 ||| INVOKING Spit Poison.
   589 | D:2      | 589 ||| INVOKING Spit Poison.
   591 | D:2      | Reached XP level 3. HP: 32/32 MP: 3/3
   610 | D:2      | 610 ||| INVOKING Spit Poison.
   615 | D:2      | 615 ||| INVOKING Spit Poison.
   626 | D:2      | 626 ||| INVOKING Spit Poison.
   850 | D:2      | 850 ||| INVOKING Spit Poison.
   878 | D:2      | Noticed Jessica
   879 | D:2      | 879 ||| INVOKING Spit Poison.
   880 | D:2      | Killed Jessica
   897 | D:2      | 897 ||| INVOKING Spit Poison.
   899 | D:2      | Reached skill level 5 in Ranged Weapons
   905 | D:2      | Reached XP level 4. HP: 39/39 MP: 4/4
   946 | D:2      | 946 ||| INVOKING Spit Poison.
   983 | D:2      | Found Tihuicoss's Magic Scroll Shop.
   983 | D:2      | Noticed Terence
   984 | D:2      | 984 ||| INVOKING Spit Poison.
   988 | D:2      | 988 ||| INVOKING Spit Poison.
   990 | D:2      | Killed Terence
  1004 | D:2      | 1004 ||| SHOPLISTING scroll of enchant weapon (105 gold,
                  | have 98).
  1004 | D:2      | 1004 ||| BUYING scroll of identify (28 gold).
  1004 | D:2      | Bought a scroll of identify for 28 gold pieces
  1004 | D:2      | 1004 ||| BUYING scroll of teleportation (42 gold).
  1004 | D:2      | Bought a scroll of teleportation for 42 gold pieces
  1059 | D:2      | 1059 ||| INVOKING Spit Poison.
  1309 | D:2      | 1309 ||| UPGRADING to +0 ring mail of cold resistance.
  1319 | D:2      | 1319 ||| READING scroll labelled SIUJIW YTZILAMY.
  1320 | D:2      | 1320 ||| DRINKING 2 blue potions.
  1321 | D:2      | 1321 ||| READING 2 scrolls of identify.
  1321 | D:2      | 1321 ||| IDENTIFYING sedimented sapphire potion
  1322 | D:2      | 1322 ||| DROPPING potion of degeneration.
  1354 | D:3      | 1354 ||| PLANNING SEWER
  1359 | D:3      | 1359 ||| INVOKING Spit Poison.
  1364 | D:3      | Reached skill level 3 in Fighting
  1391 | D:3      | 1391 ||| INVOKING Spit Poison.
  1394 | D:3      | Reached XP level 5. HP: 49/49 MP: 5/5
  1397 | D:3      | 1397 ||| INVOKING Spit Poison.
  1403 | D:3      | 1403 ||| INVOKING Spit Poison.
  1408 | D:3      | 1408 ||| INVOKING Spit Poison.
  1504 | D:3      | 1504 ||| INVOKING Spit Poison.
  1508 | D:3      | 1508 ||| INVOKING Spit Poison.
  1519 | D:3      | 1519 ||| INVOKING Spit Poison.
  1558 | D:3      | 1558 ||| INVOKING Spit Poison.
  1599 | D:3      | 1599 ||| INVOKING Spit Poison.
  1620 | D:3      | 1620 ||| INVOKING Spit Poison.
  1675 | D:3      | 1675 ||| INVOKING Spit Poison.
  1681 | D:3      | You fall into a shaft and drop 3 floors!
  1685 | D:6      | Noticed a sky beast
  1687 | D:6      | 1687 ||| INVOKING Spit Poison.
  1688 | D:6      | Noticed a phantom
  1692 | D:6      | 1692 ||| INVOKING Spit Poison.
  1693 | D:6      | Noticed an orc warrior
  1695 | D:6      | Noticed an ice beast
  1699 | D:6      | 1699 ||| INVOKING Spit Poison.
  1703 | D:6      | HP: 12/49 [hound (2)]
  1704 | D:6      | 1704 ||| READING scroll of teleportation.
  1705 | D:6      | 1705 ||| INVOKING Spit Poison.
  1705 | D:6      | HP: 4/49 [gnoll sergeant/+0 spear (2)]
  1705 | D:6      | HP: 1/49 [orc warrior/+0 hand axe (3)]
  1705 | D:6      | Slain by an orc

Levels and vault maps discovered:
D:1:      minmay_arrival_four_circles, layout_loops_ring
D:2:      layout_basic, serial_shops, nicolae_shop_tiny_waterfront,
          chequers_jeans, kennysheep_generic_room_13, uniq_jessica, uniq_terence
D:3:      layout_basic, gup_sewer_entry_pipe,
          nicolae_concentric_dashed_squares_mild
D:6:      layout_basic, minmay_temple_entry_steel_oval, serial_shops, shop,
          minmay_fractal_squares_5

Skill      XL: |  1  2  3  4 |
---------------+-------------+-----
Ranged Weapons | 4 5 |  5.5
Fighting       | 3 |  3.3
Dodging        | |  1.5
Stealth        | |  1.5

Action                     |  1- 3 |  4- 6 || total
---------------------------+-------+-------++-------
   Fire: Shortbow          |    43 |    55 ||    98
Ability: Spit Poison       |    15 |    20 ||    35
    Use: Scroll            |     2 |     3 ||     5
         Potion            |       |     1 ||     1
 Armour: Leather armour    |       |     1 ||     1
         Ring mail         |       |    19 ||    19
  Dodge: Dodged            |     3 |    22 ||    25

Table legend:
 A = Non-vault XP
 B = Vault XP
 C = Vault XP percentage of total XP
 D = Non-vault monster count
 E = Vault monster count
 F = Vault count percentage of total count
                 A         B        C        D         E       F
            +---------+---------+-------+---------+---------+-------
      Total |     142 |     118 |  45.4 |      36 |       3 |   7.7
            +---------+---------+-------+---------+---------+-------
        D:1 |      18 |       0 |   0.0 |      11 |       0 |   0.0
        D:2 |      30 |      73 |  70.9 |      10 |       2 |  16.7
        D:3 |      94 |       0 |   0.0 |      15 |       0 |   0.0
        D:6 |       0 |      45 | 100.0 |       0 |       1 | 100.0
            +---------+---------+-------+---------+---------+-------
